Map: King's Cove LE

Players

Arnolin

  • Race: Protoss Protoss
  • League: Platinum
  • Spawn Location: 11:00

Woah - Winner!

  • Race: Terran Terran
  • Spawn Location: 5:00

VOD

Have the link to the VOD?

Description

Time

  • Played on: June 12, 2019, 2:13 a.m.
  • Length: 11:54
Show
View Real Time Build Order
Export as new Build Order

Arnolin Protoss 

Build Orders:  

Get SALT Encoding   

  12  0:01  Probe  
  13  0:18  Probe  
  14  0:22  Pylon  
  14  0:30  Probe  
  15  0:41  Forge  
  15  0:43  Probe  
  15  0:49  Assimilator  
  16  1:07  Pylon  
  15  1:23  Pylon  
  14  1:48  Nexus  
  14  1:54  Gateway  
  14  2:08  Pylon  
  14  2:10  Probe  
  15  2:22  Probe  
  16  2:31  Probe  
  17  2:39  Probe  
  17  2:41  Pylon  
  17  2:44  Zealot, Pylon  
  18  2:45  Assimilator  
  18  2:48  Probe  
  21  3:00  Probe  
  22  3:16  Cybernetics Core  
  22  3:18  Probe x2  
  24  3:26  Warp Gate  
  24  3:39  Gateway  
  24  3:43  Probe x2  
  26  3:51  Protoss Ground Weapons Level 1  
  26  3:52  Stalker  
  28  3:58  Probe x2  
  30  4:09  Twilight Council  
  30  4:14  Probe x2  
  32  4:32  Probe  
  32  4:35  Charge  
  33  4:39  Probe  
  33  4:44  Probe  
  35  4:52  Gateway  
  35  4:56  Gateway  
  35  4:58  Gateway  
  35  4:59  Probe x2  
  37  5:05  Assimilator  
  37  5:11  Probe  
  38  5:14  Robotics Facility  
  38  5:27  Probe x2  
  38  5:28  Pylon  
  40  5:30  Pylon  
  40  5:40  Stalker  
  40  5:41  Stalker  
  44  5:50  Gateway  
  44  5:52  Zealot  
  46  5:58  Zealot  
  46  6:03  Stalker  
  49  6:04  Protoss Ground Weapons Level 2  
  42  6:19  Stalker  
  44  6:38  Stalker  
  46  6:54  Zealot  
  43  7:17  Stalker  
  43  7:18  Stalker x2  
  45  7:27  Zealot  
  45  7:28  Zealot  
  49  7:33  Observer  
  51  7:37  Probe x2  
  52  7:49  Probe x2  
  53  8:04  Warp Prism  
  43  8:37  Stalker  
  43  8:38  Stalker x4  
  53  8:53  Assimilator, Probe x2  
  53  8:55  Nexus  
  55  9:02  Immortal  
  59  9:05  Probe  
  59  9:06  Probe  
  61  9:19  Zealot x4  
  61  10:01  Stalker x4  
  61  10:05  Pylon  
  69  10:08  Pylon  
  69  10:11  Probe x3, Pylon  
  72  10:16  Pylon  
  72  10:18  Immortal  
  72  10:23  Probe x3  
  69  10:30  Stalker x2  
  69  10:31  Stalker  
  69  10:33  Observer  
  69  10:35  Probe x3  
  78  10:47  Probe  
  78  10:48  Stalker x2  
  83  10:50  Pylon  
  83  10:56  Observer  
  84  11:01  Stalker x3  
  62  11:36  Stalker x5  
Show
View Real Time Build Order
Export as new Build Order

Woah Terran - Winner!

Build Orders:  

Get SALT Encoding   

  12  0:01  SCV  
  13  0:13  SCV  
  14  0:19  Supply Depot  
  14  0:25  SCV  
  15  0:40  SCV  
  16  0:43  Barracks  
  16  0:45  Refinery  
  16  0:52  SCV  
  17  1:08  SCV  
  18  1:21  SCV  
  19  1:41  Orbital Command  
  19  1:44  Marine  
  20  1:49  Supply Depot  
  20  2:05  Command Center  
  20  2:06  Barracks Reactor  
  20  2:08  SCV  
  21  2:19  Factory  
  21  2:23  SCV  
  21  2:28  Refinery  
  22  2:39  Barracks  
  22  2:41  Marine  
  23  2:49  Marine  
  24  2:56  SCV  
  25  2:59  Marine  
  25  3:04  Starport  
  25  3:05  Factory Reactor  
  26  3:09  SCV  
  27  3:20  Orbital Command  
  27  3:24  SCV  
  28  3:30  Barracks Tech Lab  
  28  3:37  SCV  
  28  3:40  Marine x2  
  30  3:44  Starport Reactor  
  30  3:47  Orbital Command  
  30  3:50  Engineering Bay  
  30  3:51  SCV  
  31  4:16  SCV, Supply Depot  
  32  4:17  Terran Infantry Weapons Level 1  
  32  4:20  Stimpack  
  32  4:21  Barracks  
  32  4:23  Widow Mine  
  34  4:26  SCV  
  34  4:30  Widow Mine  
  37  4:34  Medivac  
  37  4:37  Medivac  
  41  4:41  SCV  
  41  4:42  SCV  
  43  4:51  Barracks  
  43  5:00  SCV  
  43  5:02  Widow Mine x2  
  48  5:11  Marine x3  
  52  5:17  Medivac  
  52  5:20  Barracks Tech Lab  
  53  5:28  Marine  
  54  5:37  Command Center  
  54  5:41  Combat Shield  
  54  5:57  Marine  
  54  6:04  Bunker  
  54  6:09  Marine  
  54  6:11  Bunker  
  54  6:12  Marine  
  54  6:15  Marine  
  53  6:27  Marauder  
  53  6:49  Marauder  
  54  7:03  Marine  
  54  7:08  Marine  
  54  7:10  Marine  
  53  7:17  Marauder  
  53  7:21  Marauder  
  54  7:23  Missile Turret  
  54  7:51  Supply Depot x2  
  54  7:52  Supply Depot  
  54  8:09  Command Center  
  40  8:22  Marauder x2, Marine x3  
  42  8:34  Bunker  
  42  8:38  Widow Mine x2  
  42  8:39  Marine x2  
  42  8:40  SCV x2  
  51  8:43  Marauder x2  
  55  8:52  SCV x2, Barracks Reactor  
  55  8:55  Barracks  
  56  8:57  Marine x2  
  58  9:04  SCV x2  
  58  9:05  Marauder x2  
  64  9:16  SCV x2  
  66  9:18  Supply Depot  
  66  9:19  Terran Infantry Armor Level 1  
  66  9:22  Armory, Engineering Bay  
  66  9:26  Marauder x2  
  66  9:28  SCV  
  66  9:29  SCV  
  71  9:34  Orbital Command  
  71  9:40  SCV  
  71  9:41  SCV  
  73  9:53  SCV x2  
  75  10:05  SCV x2  
  77  10:10  Command Center  
  77  10:12  Marine  
  77  10:13  Marauder x2, Marine x3  
  85  10:15  Barracks Tech Lab  
  85  10:17  SCV x2  
  87  10:22  Refinery  
  87  10:24  Refinery  
  87  10:27  Barracks  
  87  10:29  SCV x2, Widow Mine x2  
  87  10:30  Command Center, Marine  
  87  10:31  Marine  
  87  10:34  Marauder x2  
  99  10:36  Medivac  
  101  10:52  Ghost Academy  
  101  10:54  Barracks  
  101  10:56  Barracks  
  100  11:21  Medivac  
  100  11:24  Barracks Tech Lab  
Tags
 
League
Platinum
Matchup
PvT
Replay Pack
r1
Spawn Locations
Cross Positions
Add a new tag
Caveats
  • Supply blocks, unpowered buildings, or Contaminate may cause inaccurate times.
  • Supply counts are checked every 10 seconds.